 Adventure DCSS version bcrawl-1.27.3 (webtiles) character file.

Game seed: 2389752035692564360

154834 galech the Covered (level 4, 18/35 HPs)
             Began as a Demonspawn Fighter on Sept 21, 2020.
             Quit the game on level 3 of the Dungeon.
             The game lasted 00:01:45 (1698 turns).

galech the Covered (Demonspawn Fighter)             Turns: 1698, Time: 00:01:46

Health: 18/35      AC:  8    Str: 18    XL:     4   Next: 58%
Magic:  4/4        EV:  5    Int:  9    God:
Gold:   68         SH:  9    Dex: 12    Spells: 3/3 levels left
                                        Lives:  2   Deaths: 0

rFire    . . .     SeeInvis .   a - +0 war axe
rCold    . . .     Gourm    .   c - +0 medium shield
rNeg     + . .     Faith    .   b - +0 scale mail
rPois    .         Spirit   .   (helmet restricted)
rElec    .         Reflect  .   (no cloak)
rCorr    .         Harm     .   l - +0 pair of gloves
MR       .....                  (no boots)
Stlth    ..........             (no amulet)
HPRegen  0.11/turn              o - ring of positive energy (curse)
MPRegen  0.09/turn              (no ring)

@: mildly poisoned (18 -> 16)
A: horns 1, talons 1, powered by pain 1
a: no special abilities


You were on level 3 of the Dungeon.
You were hungry.

You visited 1 branch of the dungeon, and saw 3 of its levels.

You collected 68 gold pieces.

Inventory:

Hand Weapons
 a - a +0 war axe (weapon)
Armour
 b - a +0 scale mail (worn)
 c - a +0 medium shield (worn)
 l - a +0 pair of gloves (worn)
Jewellery
 o - a cursed ring of positive energy (left hand)
 q - a cursed -6 ring of evasion {unknown}
Scrolls
 f - a scroll of amnesia
 i - a scroll of magic mapping {unknown}
 j - a scroll of remove curse {unknown}
 m - a scroll of fog {unknown}
 n - 2 scrolls of immolation {unknown}
 r - a scroll of teleportation {unknown}
 s - a scroll of enchant weapon {unknown}
Potions
 d - a potion of might
 g - 2 potions of agility {unknown}
 h - 2 potions of curing {unknown}
 p - 2 potions of heal wounds {unknown}
Comestibles
 e - 3 rations {!d}


   Skills:
 + Level 3.2 Fighting
 + Level 2.7 Axes
 + Level 3.5 Armour
 + Level 0.2 Dodging
 + Level 3.4 Shields


You had 3 spell levels left.
You didn't know any spells.
Your spell library was empty.

Dungeon Overview and Level Annotations

Branches:
Dungeon (3/12)

Altars:
Ashenzari


Innate Abilities, Weirdness & Mutations

You have a pair of small horns on your head.
You have sharp toenails.
You sometimes gain a little power by taking damage.


Message History

Your shield prevents you from hitting the worm.
Your kick misses the worm. You headbutt the worm!
The worm is severely wounded.
You hit the crimson imp but do no damage.
You feel sick. You block the crimson imp's attack.
The worm bites you but does no damage.
You hit the worm. You claw the worm.
You kill the worm!
Your scale mail prevents you from hitting the crimson imp.
You are feeling hungry.
The crimson imp blinks! x2
You see here a worm corpse.
You closely miss the crimson imp. Your headbutt misses the crimson imp.
You feel sick. You block the crimson imp's attack.
Your scale mail prevents you from hitting the crimson imp.
The crimson imp picks up a beetle and eats it.
The crimson imp blinks!
You feel sick.
There is a stone staircase leading up here.
Are you sure you want to abandon this character and quit the game? (Confirm with "yes".)

.. . .. ...# ##
#.# #.#. ##.
....... .. #.#.
.#. #.. #.#
#.##5# #..††##
#.@..†#
#[.......#
#..#......#
.....##.....#
...............
..........>...##.
######........#
####..####


You could see a crimson imp.

Vanquished Creatures
  A worker ant (D:2)
  2 adders (D:3)
  An ooze (D:2)
  A worm (D:3)
  A dart slug (D:1)
  4 leopard geckos (D:1)
  An orc (D:2)
  2 giant cockroaches (D:1)
  7 hobgoblins
  8 jackals (D:2)
  4 kobolds
  2 quokkas (D:2)
  A ball python (D:2)
  3 bats
  2 frilled lizards (D:2)
  6 goblins (D:1)
  3 rats
49 creatures vanquished.

Notes
Turn   | Place    | Note
-------+----------+-------------------------------------------
     0 | D:1      | galech the Demonspawn Fighter began the quest for the Orb.
     0 | D:1      | Reached XP level 1. HP: 18/18 MP: 1/1
    71 | D:1      | Gained mutation: You have sharp toenails. [demonic
                  | ancestry]
    71 | D:1      | Reached XP level 2. HP: 4/24 MP: 2/2
   205 | D:1      | Found a shattered altar of Ashenzari.
   615 | D:1      | Gained mutation: You sometimes gain a little power by
                  | taking damage. [demonic ancestry]
   615 | D:1      | Reached XP level 3. HP: 23/29 MP: 3/3
  1088 | D:2      | Gained mutation: You have a pair of small horns on your
                  | head. [demonic ancestry]
  1088 | D:2      | Reached XP level 4. HP: 35/35 MP: 4/4
  1698 | D:3      | Quit the game

Skill      XL: |  1  2 |
---------------+-------+-----
Shields        | 3 |  3.4
Axes           | 2 |  2.7
Armour         | 3 |  3.5
Fighting       | |  3.2
Dodging        | |  0.2

Action                   |  1- 3 |  4- 6 || total
-------------------------+-------+-------++-------
Melee: War axe           |   114 |    34 ||   148
       Kick              |    17 |     7 ||    24
       Headbutt          |       |     7 ||     7
  Use: Scroll            |     1 |       ||     1
  Eat: Chunk             |     5 |     3 ||     8
Armor: Scale mail        |    65 |    21 ||    86
Dodge: Dodged            |    27 |     7 ||    34
Block: Medium shield     |    74 |    23 ||    97
